 Dungeon Crawl Stone Soup version 0.14-a0-102-g2341383 (console) character file.

970 Kellhus the Ruinous (level 8, 40/40 HPs)
             Began as a Gargoyle Wizard on Oct 2, 2013.
             Quit the game on Level 4 of the Dungeon.
             The game lasted 00:08:47 (4950 turns).

Kellhus the Ruinous (Gargoyle Wizard)               Turns: 4950, Time: 00:08:48

HP  40/40        AC  9     Str 11      XL: 8   Next:  0%
MP  19/21        EV 11     Int 21      God:
Gold 131         SH  0     Dex  8      Spells:  3 memorised, 12 levels left

Res.Fire  : . . .   See Invis. : +   u - +0,+1 trident "Quleg" {drain, rN+ SInv}
Res.Cold  : . . .   Warding    : .   a - +0 robe
Life Prot.: + + .   Conserve   : .   (no shield)
Res.Poison: +       Res.Corr.  : .   b - +0 wizard hat
Res.Elec. : +       Clarity    : .   (no cloak)
Sust.Abil.: . .     Spirit.Shd : .   z - +1 pair of gloves
Res.Mut.  : .       Stasis     : .   (no boots)
Res.Rott. : +       Flight     : .   (no amulet)
Saprovore : . . .                    (no ring)
                                     (no ring)

@: slightly resistant to hostile enchantments, unstealthy
A: fangs 1, talons 2, life protection 1, electricity resistance, slow metabolism
1, unbreathing, petrification resistance, AC +5
a: no special abilities


You were on level 4 of the Dungeon.
You were not hungry.

You visited 1 branch of the dungeon, and saw 4 of its levels.

You collected 111 gold pieces.

Inventory:

Hand weapons
 k - a -1,-1 sabre
 m - a +1,+4 dagger of draining
 u - the cursed +0,+1 trident "Quleg" (weapon) {drain, rN+ SInv}
   (You found it on level 4 of the Dungeon)

   A truly terrible weapon, it drains the life of those it strikes.
   It protects you from negative energy.
   It enhances your eyesight.
   It has a curse placed upon it.
 y - a +2,+0 elven falchion of slicing
Missiles
 s - 9 poisoned needles
Armour
 a - a +0 robe (worn)
 b - a +0 wizard hat (worn)
 z - a +1 pair of gloves (worn)
Magical devices
 l - a wand of enslavement (7) {unknown}
Comestibles
 d - 6 bread rations
 f - a pear
 g - 2 chokos
 v - a meat ration
 B - a royal jelly
 D - 3 chunks of gnoll flesh
Scrolls
 e - 2 scrolls of identify {unknown}
 i - 2 scrolls of noise {unknown}
 j - a scroll of enchant weapon II {unknown}
 o - 2 scrolls of remove curse
 p - 2 scrolls of recharging {unknown}
 t - a scroll of blinking {unknown}
 w - a scroll of enchant weapon I {unknown}
 x - a scroll of enchant armour {unknown}
 C - a scroll of magic mapping {unknown}
Potions
 h - 2 potions of magic {unknown}
 n - a potion of curing {unknown}
 q - 3 potions of heal wounds {unknown}
 r - a potion of agility {unknown}
 A - a potion of brilliance {unknown}
Books
 c - a book of Minor Magic

   Spells                             Type                      Level
   *Magic Dart                        Conjuration                  1
   Blink                              Translocation                2
   Call Imp                           Summoning                    2
   Repel Missiles                     Charms/Air                   2
   Slow                               Hexes                        2
   *Conjure Flame                     Conjuration/Fire             3
   *Mephitic Cloud                    Conjuration/Poison/Air       3


   Skills:
 - Level 1.5 Dodging
 - Level 2.1 Stealth
 - Level 6.0 Spellcasting
 + Level 7.2 Conjurations
   Level 0.8 Summonings
   Level 0.8 Translocations


You had 12 spell levels left.
You knew the following spells:

 Your Spells              Type           Power        Failure   Level  Hunger
a - Magic Dart            Conj           ####         1%          1    None
b - Conjure Flame         Conj/Fire      ###.....     10%         3    ##.....
c - Mephitic Cloud        Conj/Pois/Air  ###.....     14%         3    ##.....


Dungeon Overview and Level Annotations

Branches:
Dungeon (4/27)
 Temple: D:4-7

Altars:
Kikubaaqudgha
Xom

Shops:
D:4 +


Innate Abilities, Weirdness & Mutations

You are resistant to torment.
You are immune to poison.
Your stone body is very resilient (AC +5).
You have very sharp teeth.
You have razor-sharp toenails.
You resist negative energy.
You are resistant to electric shocks.
You have a slow metabolism.
You can survive without breathing.
You are immune to petrification.


Message History

a club; a leather armour
Things that are here:
a club; a leather armour
Things that are here:
a flail; a gnoll corpse
Things that are here:
a whip; a halberd; a gnoll corpse A jackal comes into view.
Casting: Magic Dart
Confirm with . or Enter, or press ? or * to list all spells.
Aiming: Magic Dart
Press: ? - help, Shift-Dir - straight line, f - jackal
Aim: a jackal (hasn't noticed you)
The magic dart hits the jackal.
You kill the jackal!
You have reached level 8!
You feel stronger.
Casting: Magic Dart
Confirm with . or Enter, or press ? or * to list all spells.
You can't see any susceptible monsters within range! (Use Z to cast anyway.) Are you sure you want to abandon this character and quit the game? (Confirm with "yes".)

#.##.#.##############....
#.##...# #..... #.))...#
####.# #####.## ##.#.#
#.# #..### #.# #ff.##
####.#### ###f..##
#.......# #ff..f.#
#.##.##@# #f....ff #
#.##.# #.f.f..) ..##.#
####..f. .####.# #.)....
.. #.# #...#ff #. ...
#).^#.f # ... ###)##. ##.
#.%)#.# # #####.#


There were no monsters in sight!

Vanquished Creatures
  The ghost of krumphau the Shield-Bearer, an average MiFi (D:3)
  3 ogres (D:4)
  6 scorpions (D:4)
  A gnoll shaman (D:4)
  An orc wizard (D:4)
  A worker ant (D:4)
  7 gnolls (D:4)
  12 adders
  3 giant mites (D:4)
  2 worms (D:2)
  An adder skeleton (D:4)
  A giant eyeball (D:4)
  2 giant geckos
  An ooze (D:4)
  13 orcs
  3 ball pythons
  3 giant cockroaches
  6 goblins
  5 hobgoblins
  14 bats
  2 giant newts (D:1)
  A hobgoblin skeleton (D:3)
  3 jackals (D:4)
  10 kobolds
  A quokka (D:3)
  8 rats
111 creatures vanquished.

Notes
Turn   | Place    | Note
--------------------------------------------------------------
     0 | D:1      | Kellhus, the Gargoyle Wizard, began the quest for the Orb.
     0 | D:1      | Reached XP level 1. HP: 8/8 MP: 5/5
   266 | D:1      | Reached XP level 2. HP: 9/13 MP: 1/7
   890 | D:2      | Reached XP level 3. HP: 17/17 MP: 0/9
  1178 | D:2      | Reached skill level 4 in Conjurations
  1224 | D:2      | Reached XP level 4. HP: 22/22 MP: 6/11
  1648 | D:3      | Found an ancient bone altar of Kikubaaqudgha.
  1657 | D:3      | Noticed krumphau's ghost (average MiFi)
  1806 | D:3      | Reached skill level 5 in Conjurations
  2126 | D:3      | Reached XP level 5. HP: 26/26 MP: 8/12
  2679 | D:2      | Learned a level 3 spell: Conjure Flame
  2683 | D:2      | Learned a level 3 spell: Mephitic Cloud
  2771 | D:3      | Killed krumphau's ghost
  2771 | D:3      | Reached skill level 6 in Conjurations
  2771 | D:3      | Reached XP level 6. HP: 17/31 MP: 1/14
  2947 | D:3      | Found a shimmering altar of Xom.
  2991 | D:4      | Found Maipp's Book Emporium.
  3079 | D:4      | Reached skill level 7 in Conjurations
  3497 | D:4      | Got a faintly glowing trident
  3499 | D:4      | Identified the cursed +0,+1 trident "Quleg" {drain, rN+ SInv} (You found it on level 4 of the Dungeon)
  3499 | D:4      | Identified the cursed +0,+1 trident "Quleg" {drain, rN+ SInv} (You found it on level 4 of the Dungeon)
  3528 | D:4      | Reached XP level 7. HP: 35/35 MP: 4/18
  4332 | D:4      | Reached skill level 5 in Spellcasting
  4949 | D:4      | Reached XP level 8. HP: 40/40 MP: 19/21
  4950 | D:4      | Quit the game

Action                   |  1- 3 |  4- 6 |  7- 9 || total
-------------------------+-------+-------+-------++-------
Melee: Unarmed           |     4 |       |       ||     4
       Trident           |       |       |    27 ||    27
 Cast: Magic Dart        |    69 |   146 |   124 ||   339
       Conjure Flame     |       |     3 |     9 ||    12
       Mephitic Cloud    |       |       |     1 ||     1
  Use: Scroll            |       |     1 |       ||     1
